 Dungeon Crawl Stone Soup version 0.29.0-11-gd7f09526c8 (webtiles) character file.

Game seed: 6723586739887135475

51 Lochraine the Magician (level 4, -3/31 HPs)
             Began as a Djinni Earth Elementalist on Sept 3, 2022.
             Shot with an arrow by a centaur (14 damage)
             ... on level 3 of the Dungeon.
             The game lasted 00:04:41 (2638 turns).

Lochraine the Magician (Djinni Earth Elementalist)  Turns: 2638, Time: 00:04:41

Health: -3/31      AC:  2    Str:  7    XL:     4   Next: 7%
Gold:   96         EV: 12    Int: 19    God:
                   SH:  0    Dex: 13

rFire   + + .      SeeInvis .   r - +0 short sword
rCold   x . .      Faith    .   (no shield)
rNeg    . . .      Spirit   .   a - +0 robe
rPois   ∞          Reflect  .   (no helmet)
rElec   .          Harm     .   (no cloak)
rCorr   .          Rampage  .   (no gloves)
Will    .....                   (boots unavailable)
Stlth   ++........              (no amulet)
HPRegen 0.10/turn               (no ring)
MPRegen 0.00/turn               (no ring)

@: flying
A: sickness immunity, fire resistance 2, cold vulnerability 1, float, innate
caster, HP casting, extra vitality 1
a: no special abilities


You were on level 3 of the Dungeon.
You visited 1 branch of the dungeon, and saw 3 of its levels.

You collected 96 gold pieces.

Inventory:

Hand Weapons
 r - a +0 short sword (weapon)
   (You took it off a kobold on level 3 of the Dungeon)
Armour
 a - a +0 robe (worn)
 b - a +0 ring mail
   (You found it on level 1 of the Dungeon)
 e - a +0 chain mail
   (You found it on level 1 of the Dungeon)
 g - a +0 chain mail
   (You found it on level 1 of the Dungeon)
 o - a +0 leather armour
   (You found it on level 2 of the Dungeon)
 p - a +0 scale mail
   (You found it on level 2 of the Dungeon)
Jewellery
 h - a ring of fire
   (You found it on level 3 of the Dungeon)
Scrolls
 d - 5 scrolls of identify {unknown}
 f - a scroll of enchant weapon {unknown}
 j - 2 scrolls of blinking {unknown}
 l - a scroll of noise {unknown}
 m - a scroll of immolation {unknown}
 q - 2 scrolls of fear {unknown}
Potions
 c - 3 potions of curing {@q1}
 i - a potion of heal wounds {unknown}
 k - a potion of might {unknown}
 n - a potion of haste {unknown}


   Skills:
 - Level 2.1 Dodging
 - Level 1.5 Stealth
 + Level 3.6 Spellcasting


You couldn't memorise any spells.
You knew the following spells:

 Your Spells              Type           Power      Damage    Failure   Level
a - Sandblast             Erth           34%        2d9       3%          1
b - Petrify               Tmut/Erth      17%        N/A       32%         4
c - Shock                 Conj/Air       68%        1d7       3%          1
q - Passwall              Tmut/Erth      14%        N/A       4%          2
x - Stone Arrow           Conj/Erth      34%        3d9       10%         3
Your spell library was empty.

Dungeon Overview and Level Annotations

Branches:
Dungeon (3/15) Zot: 15324

Altars:

Shops:
D:3 *


Innate Abilities, Weirdness & Mutations

You are immune to sickness and miasma.
You are immune to poison.
Your flesh is very heat resistant. (rF++)
You are vulnerable to cold. (rC-)
You float through the air rather than walking.
You learn spells naturally, not from books.
Your magical power is your life essence.
You have superior vitality. (+4 MHP)


Message History

Found a scroll labelled PACVIY KEOHUL.
The hobgoblin hits you.
Aim: a hobgoblin (82% to hit)
The blast of sand hits the hobgoblin.
You kill the hobgoblin!
You have reached level 4!
You feel clever.
d - 5 scrolls labelled PIPPUTZE IRIA (gained 1)
You see here a hobgoblin corpse.
q - 2 scrolls labelled PACVIY KEOHUL (gained 1)
A ball python comes into view.
A ball python is nearby!
You can't see any susceptible monsters within range! (Use Z to cast anyway.)
Aim: a ball python (asleep, 100% to hit)
The blast of sand hits the ball python!
You kill the ball python!
Found an escape hatch in the ceiling.
A bat comes into view.
Found Boxo's General Store.
Aim: a bat (asleep, 100% to hit)
The blast of sand hits the bat.
The bat hits you but does no damage.
Aim: a bat (heavily wounded, 73% to hit)
The blast of sand hits the bat.
You kill the bat!
A frilled lizard comes into view.
A frilled lizard is nearby!
A centaur comes into view.
You see here a bat corpse.
Aim: a frilled lizard (wandering, hasn't noticed you, 70% to hit)
The blast of sand hits the frilled lizard!
You kill the frilled lizard!
The centaur shouts!
The centaur wields a +0 shortbow.
The centaur shoots an arrow.
The arrow hits you.
The centaur shoots an arrow.
The arrow hits you!
* * * LOW HITPOINT WARNING * * *
Okay, then.
Unknown command.
It was a potion of curing.
You feel better.
The centaur shoots an arrow.
The arrow closely misses you.
A goblin comes into view. It is wielding a +0 dagger.
Found a scroll labelled PIPPUTZE IRIA.
The centaur shoots an arrow.
The arrow barely misses you.
The centaur shoots an arrow.
The arrow hits you!
* * * LOW HITPOINT WARNING * * *
Unknown command.
You feel better.
A rock wall.
* * * LOW HITPOINT WARNING * * *
The centaur shoots an arrow.
The arrow closely misses you.
The centaur shoots an arrow.
The arrow hits you!
You die...

#. .. #.#####
#. #...... ..
..###.c...###.
# ...#.......#.
#.#
............ ..
.∩........#†##
#....<..@...#
##.....###g?..#
#...†.# .##
###.### #.# #.#
#.# #.##.# #.#
#. #..#.# #.#


You could see a centaur and a goblin.

Vanquished Creatures
  A dart slug (D:1)
  6 ball pythons
  4 bats
  4 endoplasms
  4 giant cockroaches
  2 goblins
  A hobgoblin (D:3)
  3 jackals (D:1)
  3 quokkas
  6 frilled lizards
  7 kobolds
  4 rats
45 creatures vanquished.

Notes
Turn   | Place    | Note
-------+----------+-------------------------------------------
     0 | D:1      | Lochraine the Djinni Earth Elementalist began the quest for
                  | the Orb.
     0 | D:1      | Lochraine set off with the following spells memorised:
                  | Sandblast, Passwall, Stone Arrow, Petrify.
     0 | D:1      | Reached XP level 1. HP: 15/15 MP: 0/0
   301 | D:1      | Reached XP level 2. HP: 3/21 MP: 0/0
   668 | D:1      | Reached skill level 3 in Spellcasting
   897 | D:1      | Found a faded altar of an unknown god.
  1093 | D:1      | Reached XP level 3. HP: 25/25 MP: 0/0
  1093 | D:1      | Learned a level 1 spell: Shock
  2548 | D:3      | Reached XP level 4. HP: 28/31 MP: 0/0
  2629 | D:3      | Found Boxo's General Store.
  2632 | D:3      | Noticed a centaur
  2638 | D:3      | Shot with an arrow by a centaur

Illustrated notes

Levels and vault maps discovered:
D:1:      lemuel_arrival_room, layout_basic, ebering_ecumenical_altar_box
D:2:      layout_rooms
D:3:      layout_loops_ring, serial_shops, shop, eino_curves_03, minivault_14,
          chequers_serial_rivers_small_a, moated_statue

Skill      XL: |  1  2 |
---------------+-------+-----
Spellcasting   | 3 |  3.6
Dodging        | |  2.1
Stealth        | |  1.5

Action                   |  1- 3 |  4- 6 || total
-------------------------+-------+-------++-------
Melee: Unarmed           |     2 |       ||     2
       Club              |    18 |       ||    18
 Cast: Sandblast         |    61 |     4 ||    65
       Shock             |     1 |       ||     1
       Passwall          |       |     1 ||     1
  Use: Potion            |       |     2 ||     2
Armor: Robe              |    12 |     1 ||    13
Dodge: Dodged            |    42 |     3 ||    45
